 Dungeon Crawl Stone Soup version 0.25-a0-23-gdc1bd94 (webtiles) character file.

Game seed: 17729458661067719067, levelgen mode: deterministic

597 TheGoonsmith the Cleaver (level 7, -1/62 HPs)
             Began as a Deep Dwarf Gladiator on Oct 16, 2019.
             Slain by an ogre
             ... wielding a +0 giant club
              (6 damage)
             ... on level 5 of the Dungeon.
             The game lasted 00:06:55 (2269 turns).

TheGoonsmith the Cleaver (Deep Dwarf Gladiator)     Turns: 2269, Time: 00:06:55

Health: -1/62      AC: 11    Str: 19 (20) XL:     7   Next: 17%
Magic:  5/5        EV:  7    Int:  6 (8)  God:
Gold:   174        SH:  0    Dex: 13 (14) Spells: 6/6 levels left

rFire    . . .     SeeInvis .   a - +0 war axe
rCold    . . .     Gourm    .   (no shield)
rNeg     . . .     Faith    .   l - +1 chain mail {rPois}
rPois    +         Spirit   .   c - +0 helmet
rElec    .         Reflect  .   (no cloak)
rCorr    .         Harm     .   (no gloves)
MR       +....                  e - +0 pair of boots
Stlth    ..........             (no amulet)
HPRegen  0.00/turn              h - ring of flight
MPRegen  0.09/turn              (no ring)

@: non-regenerating, very heavily drained
A: damage resistance, heal wounds, sense surroundings 1, no regeneration
a: Heal Wounds, Evoke Flight


You were on level 5 of the Dungeon.
You were not hungry.

You visited 1 branch of the dungeon, and saw 5 of its levels.

You collected 174 gold pieces.

Inventory:

Hand Weapons
 a - a +0 war axe (weapon)
Missiles
 d - 3 throwing nets (quivered)
Armour
 b - a +0 leather armour
 c - a +0 helmet (worn)
 e - a +0 pair of boots (worn)
 l - a +1 chain mail of poison resistance (worn)
Jewellery
 h - a ring of flight (left hand)
 j - a +5 ring of intelligence {unknown}
Wands
 n - a wand of polymorph (4)
 o - a wand of enslavement (5)
Scrolls
 g - 5 scrolls of teleportation
 i - a scroll of remove curse
 m - 2 scrolls of noise
Potions
 p - a potion of agility {unknown}
 q - a potion of haste {unknown}
Comestibles
 f - 6 rations
 k - 5 chunks of flesh


   Skills:
 + Level 3.3(0.0) Fighting
 * Level 8.4(3.7) Axes
 - Level 1.7(0.0) Throwing
 - Level 3.2(0.0) Dodging


You had 6 spell levels left.
You didn't know any spells.
Your spell library was empty.

Dungeon Overview and Level Annotations

Branches:
Dungeon (5/15)
 Temple: D:4-7

Altars:
Trog


Innate Abilities, Weirdness & Mutations

You are resistant to damage.
You can heal yourself by infusing magical energy.
You passively map a small area around you.
You do not regenerate.


Message History

Evoke which item? (* to show all) (? for menu, Esc to quit)
Aiming: Polymorph
Press: ? - help, Shift-Dir - straight line, f/p - ogre
Aim: an ogre, wielding a +0 giant club (chance to defeat MR: 46%)
The ogre resists with some effort.
Evoke which item? (* to show all) (? for menu, Esc to quit)
Aiming: Polymorph
Press: ? - help, Shift-Dir - straight line, f/p - ogre
Aim: an ogre, wielding a +0 giant club (chance to defeat MR: 46%)
The ogre resists with some effort.
Your chain mail prevents you from hitting the ogre.
The ogre closely misses you.
You hit the ogre.
The ogre is lightly wounded.
The ogre hits you with a +0 giant club!!
* * * LOW HITPOINT WARNING * * *
You barely miss the ogre.
The ogre is lightly wounded.
The ogre hits you with a +0 giant club!
You die...

#######..#>...##..#
* .. #....#
#.........#...###.
, ... ..
##................
* , ,..
##..(............
.. *
#..............# ,
, , ,..
.............## ,
.. ............##
*, ##..........###
* #.##.......@.## ,
* * ,
........#....O.# ,
,...###..#...##.# ,
* . #...#....,.#* ,
, . , #..........#
, , *# ** * ,*
#..##....... , # *
# #....... *
#..##.#.# * .. ,


You could see an ogre.

Vanquished Creatures
  Duvessa (D:5)
  A phantom (D:5)
  A centaur (D:5)
  An ogre (D:2)
  Dowan (D:5)
  A hound (D:4)
  2 orc wizards
  An adder (D:2)
  An ooze (D:2)
  2 worms
  3 leopard geckos (D:1)
  12 orcs
  7 bats
  6 giant cockroaches
  8 goblins
  9 hobgoblins
  6 jackals (D:1)
  A quokka (D:2)
  3 frilled lizards
  A giant cockroach zombie (D:5)
  A jackal skeleton (D:4)
  9 kobolds
  A leopard gecko skeleton (D:5)
  10 rats
89 creatures vanquished.

Vanquished Creatures (others)
  A wizard (D:3)
1 creature vanquished.

Grand Total: 90 creatures vanquished

Notes
Turn   | Place    | Note
-------+----------+-------------------------------------------
     0 | D:1      | TheGoonsmith the Deep Dwarf Gladiator began the quest for
                  | the Orb.
     0 | D:1      | Reached XP level 1. HP: 19/19 MP: 1/1
   115 | D:1      | Reached XP level 2. HP: 24/26 MP: 2/2
   147 | D:1      | Reached skill level 4 in Axes
   366 | D:1      | Reached XP level 3. HP: 16/32 MP: 3/3
   615 | D:2      | Noticed an ogre
   622 | D:2      | Killed an ogre
   622 | D:2      | Reached skill level 5 in Axes
   622 | D:2      | Reached XP level 4. HP: 31/40 MP: 4/4
   757 | D:2      | Reached XP level 5. HP: 29/49 MP: 5/5
  1571 | D:3      | Reached skill level 6 in Axes
  1782 | D:3      | Found a bloodstained altar of Trog.
  1819 | D:3      | Noticed a wizard
  1823 | D:3      | Killed a wizard
  1956 | D:5      | Entered Level 5 of the Dungeon
  1982 | D:5      | Noticed a phantom
  1999 | D:5      | Noticed a centaur
  2005 | D:5      | Killed a phantom
  2005 | D:5      | Reached skill level 7 in Axes
  2005 | D:5      | Reached XP level 6. HP: 33/56 MP: 6/6
  2029 | D:5      | Noticed Dowan
  2060 | D:5      | Killed Dowan
  2060 | D:5      | Reached skill level 8 in Axes
  2070 | D:5      | Noticed Duvessa
  2109 | D:5      | Killed Duvessa
  2109 | D:5      | Reached XP level 7. HP: 11/62 MP: 6/6
  2269 | D:5      | Slain by an ogre

Levels and vault maps discovered:
D:1:      minmay_arrival_cross, layout_basic, minmay_misc_feat_secret_circle
D:2:      layout_basic
D:3:      layout_basic, first_ration, trog_wizard
D:4:      layout_gridville
D:5:      layout_cave_pools, grunt_temple_overflow_open,
          minmay_misc_feat_more_columns, uniq_duvessa, uniq_pikel

Skill      XL: |  1  2  3  4  5  6 |
---------------+-------------------+-----
Fighting       | 2 3 |  3.3
Axes           | 4 5 7 8 |  8.4
Throwing       | |  1.7
Dodging        | |  3.2

Action                   |  1- 3 |  4- 6 |  7- 9 || total
-------------------------+-------+-------+-------++-------
Melee: War axe           |   102 |   162 |    30 ||   294
 Abil: Heal Wounds       |     1 |     3 |     1 ||     5
Evoke: Wand              |       |       |     3 ||     3
  Use: Scroll            |       |     6 |     1 ||     7
       Potion            |       |     3 |       ||     3
 Stab: Sleeping          |       |     1 |       ||     1
  Eat: Chunk             |       |     3 |     2 ||     5
Armor: Leather armour    |    39 |    39 |       ||    78
       Skin              |       |    13 |       ||    13
       Chain mail        |       |       |    27 ||    27
Dodge: Dodged            |   100 |    91 |    17 ||   208

Table legend:
 A = Non-vault XP
 B = Vault XP
 C = Vault XP percentage of total XP
 D = Non-vault monster count
 E = Vault monster count
 F = Vault count percentage of total count
                 A         B        C        D         E       F
            +---------+---------+-------+---------+---------+-------
      Total |     648 |     205 |  24.0 |      87 |       2 |   2.2
            +---------+---------+-------+---------+---------+-------
        D:1 |      66 |       0 |   0.0 |      38 |       0 |   0.0
        D:2 |     159 |       0 |   0.0 |      19 |       0 |   0.0
        D:3 |      66 |       0 |   0.0 |      13 |       0 |   0.0
        D:4 |      41 |       0 |   0.0 |       2 |       0 |   0.0
        D:5 |     316 |     205 |  39.3 |      15 |       2 |  11.8
            +---------+---------+-------+---------+---------+-------
